 Dungeon Crawl Stone Soup version 0.30-a0-949-g53dc5368d7 (webtiles) character file.

Game seed: 9576208168579306918

78 Jackthecabe the Firebug (level 4, -1/30 HPs)
             Began as a Mummy Fire Elementalist on Mar 28, 2023.
             Slain by a bullfrog (5 damage)
             ... on level 3 of the Dungeon.
             The game lasted 00:05:41 (3241 turns).

Jackthecabe the Firebug (Mummy Fire Elementalist)   Turns: 3241, Time: 00:05:41

Health: -1/30      AC:  5    Str: 11    XL:     4   Next: 15%
Magic:  7/8        EV: 12    Int: 16    God:
Gold:   176        SH:  0    Dex: 12    Spells: 2/8 levels left

rFire   x . .      SeeInvis .    (no weapon)
rCold   + . .      Faith    +    (no shield)
rNeg    + + +      Spirit   .    a - +0 robe
rPois   ∞          Reflect  .    (no helmet)
rElec   .          Rampage  .    (no cloak)
rCorr   .                        c - +2 pair of gloves
Will    .....                    (no boots)
Stlth   ++                       (no amulet)
HPRegen 0.25/turn                (no ring)
MPRegen 0.11/turn                (no ring)

@: no status effects
A: cold resistance 1, negative energy resistance 3, torment resistance 2, heat
vulnerability 1, in touch with death 1, no potions, faith
a: no special abilities


You were on level 3 of the Dungeon.
You visited 1 branch of the dungeon, and saw 4 of its levels.

You collected 176 gold pieces.


Innate Abilities, Weirdness & Mutations

You are immune to poison.
Your flesh is cold resistant. (rC+)
You are immune to negative energy. (rN+++)
You are immune to unholy pain and torment.
You are vulnerable to heat. (rF-)
You are in touch with the powers of death.
You do not drink.
You have a special connection with the divine. (Faith)


   Skills:
 - Level 1.5 Dodging
 - Level 1.5 Stealth
 - Level 2.6 Spellcasting
 - Level 2.0 Conjurations
 + Level 3.5 Fire Magic
 + Level 0.3 Air Magic
 + Level 0.2 Poison Magic


You had 2 spell levels left.
You knew the following spells:

 Your Spells              Type           Power      Damage    Failure   Level
f - Foxfire               Conj/Fire      40%        2x1d6     6%          1
m - Mephitic Cloud        Conj/Pois/Air  4%         N/A       38%         3
X - Scorch                Fire           26%        2d6       7%          2

Your spell library contained the following spells:

 Spells                   Type           Power      Damage    Failure   Level
 Cigotuvi's Dreadful Rot  Necr/Pois/Air  8%         N/A       26%         2
 Poisonous Vapours        Pois/Air       6%         N/A       26%         2
 Inner Flame              Hex/Fire       7%         N/A       28%         3
 Kindle Blastsparks       Fire/Tloc/Air  12%        2d11      34%         3
 Gell's Gravitas          Tloc           2%         N/A       50%         3
 Teleport Other           Tloc           2%         N/A       50%         3
 Flame Wave               Conj/Fire      10%        2d6       52%         4
 Dispersal                Tloc           1%         N/A       100%        6

Inventory:

Armour
 a - a +0 robe (worn)
 c - a +2 pair of gloves (worn)
Scrolls
 b - 2 scrolls of amnesia {unknown}
 d - 5 scrolls of identify {unknown}
 e - a scroll of noise {unknown}
 f - a scroll of vulnerability {unknown}
 g - a scroll of immolation {unknown}
 h - a scroll of magic mapping {unknown}

Dungeon Overview and Level Annotations

Branches:
Dungeon (4/15)
 Temple: D:4-7

Altars:

..########....# #### #....#
...# #....# .#.# #....# ...#
#.#### ...# #..#
.>.#######..##############
....[.........#..F.......##
..##..####..##..@.........##
...........................#
...#.#.....#...............#
(..#.....###...............#
...##....###...............#
.......#.#.......).........#
...#..##....##............##
#..#.....................##
......###÷####...#########


You could see a bullfrog.


Message History

The bullfrog is no longer more vulnerable to fire.
The bullfrog releases a deep croak.
The bullfrog hits you.
* * * LOW HITPOINT WARNING * * *
The bullfrog attacks as you move away! The bullfrog barely misses you.
The gnoll bouda barks out a call to the hunt!
The gnoll picks up the pace!
The bullfrog attacks as you move away! The bullfrog closely misses you.
The bullfrog hits you.
* * * LOW HITPOINT WARNING * * *
Things that are here:
a +0 whip; 2 stones; a jackal corpse The bullfrog attacks as you move away!
The bullfrog hits you!
* * * LOW HITPOINT WARNING * * *
The bullfrog barely misses you.
There is a stone staircase leading up here.
The bullfrog hits you.
* * * LOW HITPOINT WARNING * * *
You climb upwards.
There is a stone staircase leading down here.
Casting: Scorch (safe; 7% risk of failure)
Confirm with . or Enter, or press ? or * to list all spells.
Okay, then.
Okay, then.
You aren't wearing any rings or amulets.
Unknown command.
You barely miss the bullfrog.
The bullfrog is moderately wounded.
The bullfrog hits you.
You die...

Skill      XL: |  1  2  3 |
---------------+----------+-----
Conjurations   | 1 2 |  2.0
Fire Magic     | 3 |  3.5
Dodging        | |  1.5
Stealth        | |  1.5
Spellcasting   | |  2.6
Air Magic      | |  0.3
Poison Magic   | |  0.2

Action                     |  1- 3 |  4- 6 || total
---------------------------+-------+-------++-------
  Melee: Unarmed           |    17 |    15 ||    32
   Cast: Foxfire           |   121 |     3 ||   124
         Scorch            |     5 |     9 ||    14
   Stab: Sleeping          |     1 |       ||     1
 Armour: Robe              |    12 |     9 ||    21
  Dodge: Dodged            |    44 |    23 ||    67

Levels and vault maps discovered:
D:1:      matt_arrival_grand_opening, layout_rooms, minmay_box_of_dots
D:2:      layout_basic, kennysheep_another_room
D:3:      layout_rooms
D:4:      layout_gridville, lemuel_mausoleum_altar_kikubaaqudgha,
          kennysheep_opposing_triangles

Notes
Turn   | Place    | Note
-------+----------+-------------------------------------------
     0 | D:1      | Jackthecabe the Mummy Fire Elementalist began the quest for
                  | the Orb.
     0 | D:1      | Reached XP level 1. HP: 13/13 MP: 4/4
    57 | D:1      | Reached skill level 1 in Conjurations
   280 | D:1      | Reached XP level 2. HP: 19/19 MP: 0/5
   508 | D:1      | Learned a level 2 spell: Scorch
   855 | D:1      | Reached skill level 3 in Fire Magic
   948 | D:1      | Gained mutation: You are in touch with the powers of death.
                  | [Mummy growth]
   948 | D:1      | Reached XP level 3. HP: 24/24 MP: 2/7
  1494 | D:2      | Reached skill level 2 in Conjurations
  1596 | D:2      | You fall into a shaft and drop 1 floor!
  2566 | D:3      | Learned a level 3 spell: Mephitic Cloud
  2889 | D:3      | Reached XP level 4. HP: 30/30 MP: 1/8
  3227 | D:4      | Noticed a bullfrog
  3239 | D:4      | HP: 3/30 [bullfrog (2)]
  3241 | D:3      | Slain by a bullfrog

Vanquished Creatures
  An adder (D:2)
  A worm (D:4)
  2 dart slugs (D:1)
  4 endoplasms
  4 giant cockroaches
  2 goblins
  7 hobgoblins
  2 jackals (D:4)
  5 quokkas
  6 ball pythons
  5 bats
  5 frilled lizards
  8 kobolds
  4 rats
56 creatures vanquished.

Vanquished Creatures (others)
  213 foxfires
213 creatures vanquished.

Grand Total: 269 creatures vanquished

Table legend: (Time is in decaauts)
 A = Elapsed time spent in this place.
 B = Non-inter-level travel time spent in this place.
 C = Inter-level travel time spent in this place.
 D = Time resting spent in this place.
 E = Time spent auto-exploring this place.
 F = Levels seen in this place.
 G = Mean time per level.
                   A        B        C        D        E       F      G
               +--------+--------+--------+--------+--------+-----+--------+
         Total |   3242 |   3196 |     46 |    204 |   2507 |   4 |  810.5 |
       Dungeon |   3242 |   3196 |     46 |    204 |   2507 |   4 |  810.5 |
               +--------+--------+--------+--------+--------+-----+--------+

Top non-repeatable levels by time:
     D:1: 1377 daAuts
     D:2: 973 daAuts
     D:3: 724 daAuts
     D:4: 166 daAuts

Table legend:
 A = Non-vault XP
 B = Vault XP
 C = Vault XP percentage of total XP
 D = Non-vault monster count
 E = Vault monster count
 F = Vault count percentage of total count
                 A         B        C        D         E       F
            +---------+---------+-------+---------+---------+-------
      Total |     100 |      12 |  10.7 |      50 |       6 |  10.7
            +---------+---------+-------+---------+---------+-------
        D:1 |      39 |       8 |  17.0 |      22 |       4 |  15.4
        D:2 |      28 |       0 |   0.0 |      11 |       0 |   0.0
        D:3 |      23 |       0 |   0.0 |      14 |       0 |   0.0
        D:4 |      10 |       4 |  28.6 |       3 |       2 |  40.0
            +---------+---------+-------+---------+---------+-------
